 Dungeon Crawl Stone Soup version 0.20-a0-941-gba1b1f9 (console) character file.

141 pagos the Ruffian (level 5, -9/53 HPs)
             Began as a Troll Berserker on Mar 31, 2017.
             Was a Believer of Trog.
             Mangled by an orc warrior
             ... wielding a +0 war axe
              (23 damage)
             ... on level 3 of the Dungeon.
             The game lasted 00:04:25 (1464 turns).

pagos the Ruffian (Troll Berserker)                 Turns: 1464, Time: 00:04:26

Health: -9/53      AC:  6    Str: 31    XL:     5   Next: 3%
Magic:  4/4        EV: 11    Int:  3    God:    Trog [**....]
Gold:   90         SH:  0    Dex: 12    Spells: 4/4 levels left

rFire    . . .     SeeInvis .     - Unarmed
rCold    . . .     Gourm    +   (no shield)
rNeg     . . .     Faith    .   a - +0 animal skin
rPois    .         Spirit   .   (helmet restricted)
rElec    .         Reflect  .   p - +0 cloak
rCorr    .         Harm     .   (gloves unavailable)
MR       .....                  (boots unavailable)
Stlth    +.........             (no amulet)
Regen    0.6/turn               j - +3 ring of dexterity
MPRegen  0.1/turn               (no ring)

@: mighty
A: unfitting armour, claws 3, fast metabolism 3, gourmand, regeneration 1,
shaggy fur 1, tough skin 2
a: Berserk, Trog's Hand, Burn Spellbooks, Renounce Religion


You were on level 3 of the Dungeon.
You worshipped Trog.
Trog was pleased with you.
You were not hungry.

You visited 1 branch of the dungeon, and saw 3 of its levels.

You collected 90 gold pieces.

Inventory:

Armour
 a - a +0 animal skin (worn)
 p - a +0 cloak (worn)
Jewellery
 j - a +3 ring of dexterity (left claw)
Scrolls
 c - 3 scrolls of identify {unknown}
 h - a scroll of immolation {unknown}
 i - a scroll of amnesia {unknown}
 k - a scroll of fog {unknown}
 m - 2 scrolls of remove curse {unknown}
 o - a scroll of recharging {unknown}
Potions
 d - a potion of heal wounds {unknown}
 e - a potion of resistance {unknown}
 g - a potion of might
 l - a potion of degeneration {unknown}
 n - a potion of curing {unknown}
Comestibles
 b - 4 bread rations
 f - a fruit


   Skills:
 + Level 3.1 Fighting
 + Level 3.2 Dodging
 * Level 4.4 Unarmed Combat


You had 4 spell levels left.
You didn't know any spells.

Dungeon Overview and Level Annotations

Branches:
Dungeon (3/15)

Altars:


Innate Abilities, Weirdness & Mutations

You are too large for most types of armour.
You have claws for hands.
Your metabolism is lightning-fast.
You like to eat raw meat.
Your natural rate of healing is unusually fast.
You are covered in fur. (AC +1)
You have very tough skin. (AC +2)


Message History

The orc warrior hits you with a war axe!
You are too injured to fight recklessly!
You are too injured to fight recklessly!
You are too injured to fight recklessly!
You are too injured to fight recklessly!
You are too injured to fight recklessly!
You are too injured to fight recklessly!
You are too injured to fight recklessly!
Unknown command.
The bat barely misses you. The bat closely misses you.
You feel less exhausted.
You barely miss the orc warrior. You barely miss the orc warrior.
The orc warrior hits you with a war axe!
* * * LOW HITPOINT WARNING * * *
It was a potion of might.
You feel very mighty all of a sudden.
The orc warrior hits you with a war axe!!
You die...

## ..# #.# # #.#
#.#.# #.#.#
#####.#.############
.......co@.........#
####..b###........#
##..# ##.####..#
#..# #)# #..# #..#
#.# #..# #..# #.#
#.<# .... ..# #..#
##..# ##.# #..# #..#
#.# #..# #..# #.#
#...


You could see an orc warrior, a centaur and a bat.

Vanquished Creatures
  Crazy Yiuf (D:2)
  An orc wizard (D:3)
  A worker ant (D:3)
  An ooze (D:2)
  2 worms (D:2)
  2 dart slugs
  2 leopard geckos
  An orc (D:3)
  4 bats
  A giant cockroach (D:1)
  7 goblins
  5 hobgoblins
  4 jackals (D:1)
  A quokka (D:2)
  A ball python (D:1)
  5 frilled lizards
  4 kobolds
  4 rats
  A fungus (D:2)
48 creatures vanquished.

Notes
Turn   | Place    | Note
-------+----------+-------------------------------------------
     0 | D:1      | pagos the Troll Berserker began the quest for the Orb.
     0 | D:1      | Reached XP level 1. HP: 22/22 MP: 0/0
   212 | D:1      | Reached XP level 2. HP: 26/29 MP: 1/1
   827 | D:2      | Reached XP level 3. HP: 36/36 MP: 2/2
   984 | D:2      | Reached ** piety under Trog
  1324 | D:2      | Found a runed door.
  1328 | D:2      | Noticed Crazy Yiuf
  1341 | D:2      | Killed Crazy Yiuf
  1341 | D:2      | Reached skill level 4 in Unarmed Combat
  1341 | D:2      | Reached XP level 4. HP: 32/44 MP: 3/3
  1443 | D:3      | Reached XP level 5. HP: 26/53 MP: 4/4
  1454 | D:3      | Noticed an orc warrior
  1455 | D:3      | Noticed a centaur
  1464 | D:3      | Mangled by an orc warrior

Vault maps used:
D:1:      dpeg_arrival_court
D:2:      uniq_crazy_yiuf_cottage

Skill      XL: |  1  2  3  4 |
---------------+-------------+-----
Dodging        | 3 |  3.2
Unarmed Combat | 4 |  4.4
Fighting       | 3 |  3.1

Action                   |  1- 3 |  4- 6 || total
-------------------------+-------+-------++-------
Melee: Unarmed           |   109 |    19 ||   128
       Punch             |     1 |       ||     1
Invok: Berserk           |     1 |     1 ||     2
  Use: Potion            |       |     1 ||     1
  Eat: Chunk             |    14 |     2 ||    16
Armor: Animal skin       |    43 |    14 ||    57
Dodge: Dodged            |    63 |    28 ||    91
